 Dungeon Crawl Stone Soup version 0.19-a0-1008-g4c63d25 (webtiles) character file.

10161 Gruud the Martial Artist (level 11, -4/70 HPs)
             Began as a Demonspawn Transmuter on July 22, 2016.
             Was a Believer of Uskayaw.
             Slain by a warg (12 damage)
             ... on level 10 of the Dungeon.
             The game lasted 00:59:10 (10918 turns).

Gruud the Martial Artist (Demonspawn Transmuter)   Turns: 10918, Time: 00:59:11

Health: -4/70      AC: 12    Str: 15    XL:     11   Next: 32%
Magic:  0/17       EV: 19    Int: 14    God:    Uskayaw [**....]
Gold:   110        SH:  0    Dex: 18    Spells: 4 memorised, 4 levels left

rFire  + . .     SeeInvis .       - Unarmed
rCold  + . .     Gourm    .     W - +2 leather armour of Dithmenos's Hope {rF+ Str+4 Dex+2}
rNeg   . . .     Faith    .     (no shield)
rPois  .         Spirit   +     (helmet unavailable)
rElec  .         Dismiss  .     t - +0 cloak
rCorr  .         Reflect  .     (no gloves)
SustAt .         Harm     .     o - +1 pair of boots
MR     .....                    y - amulet of guardian spirit
Stlth  +.........               k - ring of protection from cold
                                f - ring of wizardry

@: not resistant to hostile enchantments, very unstealthy
A: horns 3, rough black scales 1, demonic guardian 1
a: Stomp, Line Pass, Renounce Religion


You were on level 10 of the Dungeon.
You worshipped Uskayaw.
Uskayaw was aware of your devotion.
You were hungry.

You visited 2 branches of the dungeon, and saw 12 of its levels.
You also visited: Ossuary.

You collected 567 gold pieces.
You spent 457 gold pieces at shops.

Inventory:

Missiles
 a - 192 arrows
 p - 3 tomahawks of dispersal
 w - 7 tomahawks (quivered)
 M - 4 throwing nets
Armour
 o - a +1 pair of boots (worn)
 t - a +0 cloak (worn)
 V - the +2 robe of Giamisah {rElec Regen+}
   (You bought it in a shop on level 10 of the Dungeon)

   It insulates you from electricity.
   It increases your rate of regeneration.
 W - the +2 leather armour of Dithmenos's Hope (worn) {rF+ Str+4 Dex+2}
   (You bought it in a shop on level 10 of the Dungeon)

   It affects your strength (+4).
   It affects your dexterity (+2).
   It protects you from fire.
Rods
 b - a +1 iron rod (11/11)
   (You found it on level 8 of the Dungeon)
Jewellery
 f - a ring of wizardry (left hand)
 k - a ring of protection from cold (right hand)
 y - an amulet of guardian spirit (around neck)
 C - a +5 ring of intelligence
Wands
 h - a wand of teleportation (5/9)
 q - a wand of heal wounds (4/9)
 A - a wand of digging (21/24)
 G - a wand of iceblast (4/15)
 O - a wand of acid (5/15)
 P - a wand of confusion (38/48)
 Q - a wand of acid (8/15)
Scrolls
 e - 3 scrolls of remove curse
 j - 3 scrolls of enchant armour
 v - a scroll of identify
 D - 2 scrolls of fear
 E - 2 scrolls of recharging
 H - 5 scrolls of blinking
 S - 2 scrolls of teleportation
Potions
 g - 4 potions of resistance
 l - 2 potions of curing
 m - 2 potions of magic
 r - 3 potions of might
 u - 3 potions of flight
 x - a potion of mutation
 z - a potion of cure mutation
 F - 3 potions of agility
 I - 2 potions of berserk rage
 J - 4 potions of heal wounds
 L - a potion of ambrosia
 N - a potion of invisibility
 U - a potion of cancellation
Books
 c - a book of Changes

   Spells                             Type                      Level
   a - Beastly Appendage              Transmutation                1
   b - Sticks to Snakes               Transmutation                2
   c - Spider Form                    Transmutation/Poison         3
   d - Ice Form                       Ice/Transmutation            4
   e - Blade Hands                    Transmutation                5
 B - a book of Ice

   Spells                             Type                      Level
   a - Ice Form                       Ice/Transmutation            4
   b - Metabolic Englaciation         Hexes/Ice                    5
   c - Ozocubu's Refrigeration        Ice                          6
   d - Bolt of Cold                   Conjuration/Ice              6
   e - Freezing Cloud                 Conjuration/Ice/Air          6
   f - Simulacrum                     Ice/Necromancy               6
 R - a book of the Sky

   Spells                             Type                      Level
   a - Summon Lightning Spire         Summoning/Air                4
   b - Airstrike                      Air                          4
   c - Silence                        Hexes/Air                    5
   d - Deflect Missiles               Charms/Air                   6
   e - Conjure Ball Lightning         Conjuration/Air              6
   f - Tornado                        Air                          9
Comestibles
 d - 12 bread rations
 i - 9 beef jerkies
 n - 5 fruits
 s - 5 meat rations
 K - a royal jelly
 T - 2 slices of pizza


   Skills:
 - Level 1.0 Fighting
 - Level 1.9 Armour
 * Level 9.5 Dodging
 * Level 9.7 Unarmed Combat
 - Level 2.0 Spellcasting
 + Level 7.6 Transmutations
 + Level 8.8 Invocations


You had 4 spell levels left.
You knew the following spells:

 Your Spells              Type           Power        Failure   Level  Hunger
a - Beastly Appendage     Tmut           ###...       1%          1    ##.....
b - Sticks to Snakes      Tmut           ###.....     1%          2    ###....
c - Spider Form           Tmut/Pois      ##........   9%          3    ####...
d - Ice Form              Ice/Tmut       ##......     38%         4    #####..


Dungeon Overview and Level Annotations

Branches:
Dungeon (11/15)            Temple (1/1) D:5
   Lair: D:8-11         Orc: D:9-12

Altars:
Ashenzari
Cheibriados
Dithmenos
Elyvilon
Fedhas
Gozag
Hepliaklqana
Kikubaaqudgha
Makhleb
Nemelex Xobeh
Okawaru
Pakellas
Qazlal
Ru
Sif Muna
Trog
Uskayaw
Vehumet
Xom
Yredelemnul
Zin
The Shining One

Shops:
D:6 :   D:9 (   D:10 [

Annotations:
D:3 shady's ghost, amateur GrGl


Innate Abilities, Weirdness & Mutations

You have a pair of large horns on your head.
You are partially covered in rough black scales. (AC +4, Dex -1)
A weak demonic guardian rushes to your aid.


Message History

Confirm with . or Enter, or press ? or * to list all spells.
You turn into a venomous arachnid creature.
Your +0 cloak melds into your body.
Your +1 pair of boots melds into your body.
The +2 leather armour of Dithmenos's Hope {rF+ Str+4 Dex+2} melds into your body.
The orc priest shouts!
The orc shouts!
You hear a shout!
The warg bites you!
* * * LOW HITPOINT WARNING * * *
The warg misses you. The warg completely misses you.
Unknown command.
Your transformation has ended.
Your +0 cloak unmelds from your body.
Your +1 pair of boots unmelds from your body.
The +2 leather armour of Dithmenos's Hope {rF+ Str+4 Dex+2} unmelds from your body.
The warg barely misses you.
The orc priest mumbles some strange prayers to Beogh against you.
Beogh smites you!
* * * LOW HITPOINT WARNING * * *
The warg bites you!
You die...

...##..# #....#.........###...
..####.# #................... ..#
#.## ##....).............. ..#
#..#####........#..........# ..##
##..........######.........# ....
#..#.....o### ##........#
.......######oo## ##..#......
......## #..oh## #...##.....
.....# #..#h@######..###.....
....# #..###[........####....
##.## ##.# ##.........###)...
#..# #..# #..###........... #..#
##.# ##..##........##.
###.#####..#### #...)...^...####.
##............###.##....##.......
..######.....#...####.?###..##...
..# ##...####.# #.## #..###..


You could see 2 wargs, an orc priest and 3 orcs.

Vanquished Creatures
  A hill giant (D:10)
  An ugly thing (D:11)
  A gargoyle (D:11)
  2 trolls
  Grinder (D:4)
  Prince Ribbit (D:5)
  A wraith (D:10)
  8 yaks
  A wyvern (D:8)
  A water moccasin (D:9)
  4 ice beasts
  4 black bears
  4 orc warriors
  3 sky beasts
  8 ogres
  A phantom (D:7)
  4 centaurs
  2 elf zombies (D:6)
  A big kobold (D:8)
  Blork the orc (D:6)
  9 giant frogs
  3 elf skeletons (D:6)
  10 scorpions
  6 killer bees
  7 wights
  4 howler monkeys
  3 crimson imps
  2 centaur zombies (Ossuary)
  2 jellies
  9 orc priests
  A giant frog skeleton (D:10)
  5 hounds
  A centaur skeleton (D:10)
  3 human skeletons (D:6)
  Jessica (D:2)
  Terence (D:2)
  3 worker ants
  Natasha (twice) (D:4)
  2 iguanas
  12 orc wizards
  2 big kobold zombies (Ossuary)
  A hound zombie (D:5)
  3 hound skeletons
  2 mummies (Ossuary)
  A worker ant zombie (D:11)
  5 adders
  4 gnolls (D:8)
  2 scorpion zombies (Ossuary)
  An ooze (D:3)
  An adder skeleton (D:7)
  A worm (D:2)
  5 dart slugs
  4 giant geckos
  61 orcs
  3 ball pythons
  8 giant cockroaches
  2 gnoll zombies (Ossuary)
  7 goblins
  5 hobgoblins
  14 jackals
  6 quokkas
  8 bats
  A giant gecko skeleton (D:4)
  2 giant newts (D:4)
  3 goblin zombies (Ossuary)
  2 hobgoblin zombies (Ossuary)
  13 kobolds
  A kobold zombie (Ossuary)
  3 orc skeletons (D:6)
  An orc zombie (Ossuary)
  2 quokka skeletons
  7 rats
317 creatures vanquished.

Vanquished Creatures (collateral kills)
  A yak (D:10)
  Menkaure (D:6)
  A sky beast (D:5)
  A phantom (D:9)
  2 giant frogs
  A killer bee (D:10)
  A howler monkey (D:7)
  A worker ant (D:4)
  2 gnolls (D:8)
  An adder (D:2)
  A kobold (D:2)
13 creatures vanquished.

Vanquished Creatures (others)
  A scorpion (Ossuary)
  A mummy (Ossuary)
2 creatures vanquished.

Grand Total: 332 creatures vanquished

Notes
Turn   | Place    | Note
-------+----------+-------------------------------------------
     0 | D:1      | Gruud the Demonspawn Transmuter began the quest for the Orb.
     0 | D:1      | Reached XP level 1. HP: 15/15 MP: 3/3
   357 | D:1      | Gained mutation: You have a pair of small horns on your head. [demonic ancestry]
   357 | D:1      | Reached XP level 2. HP: 15/21 MP: 3/5
   364 | D:1      | Learned a level 2 spell: Sticks to Snakes
   771 | D:2      | Reached XP level 3. HP: 18/26 MP: 2/6
   789 | D:2      | Noticed Jessica
   799 | D:2      | Killed Jessica
   799 | D:2      | Reached skill level 1 in Armour
   857 | D:1      | Learned a level 3 spell: Spider Form
  1261 | D:2      | Reached XP level 4. HP: 26/32 MP: 5/7
  1755 | D:2      | Noticed Terence
  1764 | D:2      | Killed Terence
  2004 | D:3      | Reached XP level 5. HP: 37/37 MP: 5/8
  2367 | D:3      | Found a basalt altar of Yredelemnul.
  2756 | D:3      | Noticed shady's ghost (amateur GrGl)
  2956 | D:4      | Gained mutation: You have a pair of horns on your head. [demonic ancestry]
  2956 | D:4      | Reached XP level 6. HP: 31/43 MP: 5/9
  3226 | D:5      | Entered Level 5 of the Dungeon
  3261 | D:5      | Found a staircase to the Ecumenical Temple.
  3282 | Temple   | Entered the Ecumenical Temple
  3323 | Temple   | Became a worshipper of Uskayaw the Reveler
  3387 | D:4      | Reached * piety under Uskayaw
  3455 | D:4      | Found an iron altar of Okawaru.
  3455 | D:4      | Found a blossoming altar of Fedhas.
  3456 | D:4      | Found an oddly glowing altar of Pakellas.
  3492 | D:4      | Reached ** piety under Uskayaw
  3708 | D:4      | Reached *** piety under Uskayaw
  3709 | D:4      | Reached skill level 1 in Invocations
  3772 | D:4      | Reached XP level 7. HP: 28/48 MP: 7/10
  3778 | D:4      | Noticed Natasha
  3787 | D:4      | Killed Natasha
  3866 | D:4      | Noticed Grinder
  3868 | D:4      | Paralysed by Grinder for 4 turns
  3877 | D:4      | Killed Grinder
  3877 | D:4      | Reached skill level 5 in Unarmed Combat
  4037 | D:4      | Found a glowing golden altar of the Shining One.
  4040 | D:4      | Found an opulent altar of Gozag.
  4042 | D:4      | Found a hazy altar of Hepliaklqana.
  4044 | D:4      | Found an ancient bone altar of Kikubaaqudgha.
  4093 | D:4      | Noticed Natasha
  4104 | D:4      | Killed Natasha
  4231 | D:5      | Found a snail-covered altar of Cheibriados.
  4258 | D:5      | Learned a level 4 spell: Ice Form
  4326 | D:5      | Noticed Prince Ribbit
  4333 | D:5      | Killed Prince Ribbit
  4333 | D:5      | Reached skill level 5 in Dodging
  4333 | D:5      | Reached XP level 8. HP: 42/54 MP: 4/11
  4442 | D:6      | Noticed Blork the orc
  4540 | D:6      | Killed Blork the orc
  4668 | D:6      | Reached **** piety under Uskayaw
  4677 | D:6      | Found Ynoerchej's Book Shop.
  4767 | D:6      | Identified a scroll of acquirement
  4884 | D:6      | Found a sand-covered staircase.
  4895 | Ossuary  | Entered an ossuary
  5152 | Ossuary  | Reached skill level 5 in Transmutations
  5578 | Ossuary  | Gained mutation: A weak demonic guardian rushes to your aid. [demonic ancestry]
  5578 | Ossuary  | Reached XP level 9. HP: 47/59 MP: 7/12
  5743 | D:6      | Reached skill level 5 in Invocations
  5812 | D:6      | Reached ***** piety under Uskayaw
  6738 | D:6      | Found an oddly glowing altar of Pakellas.
  6743 | D:6      | Noticed Menkaure
  6752 | D:6      | Killed Menkaure
  6902 | D:7      | Found a radiant altar of Vehumet.
  7205 | D:7      | Gained mutation: You have a pair of large horns on your head. [demonic ancestry]
  7205 | D:7      | Reached XP level 10. HP: 65/65 MP: 11/14
  9170 | D:10     | Entered Level 10 of the Dungeon
  9344 | D:9      | Found Emynnuli's Weapon Shoppe.
  9520 | D:9      | Found a burning altar of Makhleb.
  9852 | D:10     | Noticed a hill giant
  9863 | D:10     | Killed a hill giant
  9863 | D:10     | Gained mutation: You are partially covered in rough black scales. (AC +4, Dex -1) [demonic ancestry]
  9863 | D:10     | Reached XP level 11. HP: 70/70 MP: 14/17
 10285 | D:10     | Found Qynt's Antique Armour Shop.
 10293 | D:10     | Bought a crude robe for 205 gold pieces
 10293 | D:10     | Identified the +2 robe of Giamisah {rElec Regen+} (You bought it in a shop on level 10 of the Dungeon)
 10310 | D:10     | Bought a heavily runed leather armour for 252 gold pieces
 10310 | D:10     | Identified the +2 leather armour of Dithmenos's Hope {rF+ Str+4 Dex+2} (You bought it in a shop on level 10 of the Dungeon)
 10841 | D:11     | Noticed a red ugly thing
 10853 | D:11     | Killed a red ugly thing
 10918 | D:10     | Slain by a warg

Vault maps used:
D:1:      dpeg_arrival_prison
D:2:      uniq_terence, uniq_jessica
D:3:      marbit_many_paths
D:4:      minitemple, gammafunk_temple_overflow_claw, uniq_natasha, uniq_grinder
D:5:      nicolae_overflow_crystal_walls, first_bread, uniq_prince_ribbit1
D:6:      nicolae_ossuary_entry_catacombs, serial_shops, shop_fountains,
          nicolae_lava_and_water, grunt_pakellas_basics, uniq_menkaure,
          uniq_blork_the_orc
D:7:      kennysheep_mini_moat, grunt_ogre_cave, kennysheep_nondescript
D:8:      special_room
D:9:      serial_shops, kennysheep_little_box, basic_altar
D:10:     serial_shops, nicolae_shop_statue_plus, minmay_misc_feat_doors
D:11:     erik_lair_orcish_takeover
Temple:   minmay_temple_bridge_abc
Ossuary:  ossuary_minmay_scorpions

Skill      XL: |  1  2  3  4  5  6  7  8  9 10 |
---------------+-------------------------------+-----
Transmutations | 2 3 4 5 6 7 |  7.6
Armour         | 1 |  1.9
Unarmed Combat | 3 4 5 6 8 9 |  9.7
Dodging        | 2 3 5 6 7 9 |  9.5
Invocations    | 1 3 4 6 8 |  8.8
Fighting       | |  1.0
Spellcasting   | |  2.0

Action                   |  1- 3 |  4- 6 |  7- 9 | 10-12 || total
-------------------------+-------+-------+-------+-------++-------
Melee: Unarmed           |    39 |   216 |   502 |   450 ||  1207
       Hand axe          |    46 |       |       |       ||    46
       Headbutt          |     4 |    22 |    39 |    39 ||   104
       Kick              |     4 |     6 |       |       ||    10
       Punch             |     1 |     2 |     3 |     9 ||    15
Throw: Tomahawk          |       |       |    17 |     5 ||    22
 Cast: Beastly Appendage |    10 |     5 |       |       ||    15
       Sticks to Snakes  |     2 |     3 |     4 |     3 ||    12
       Spider Form       |     1 |    15 |    36 |    28 ||    80
       Ice Form          |       |       |       |     1 ||     1
 Abil: End Transformatio |       |       |     3 |     3 ||     6
Evoke: Wand              |       |       |       |     6 ||     6
  Use: Scroll            |     5 |     5 |    14 |    14 ||    38
       Potion            |       |     1 |       |       ||     1
 Stab: Sleeping          |     2 |     1 |     4 |     1 ||     8
       Paralysed         |       |     1 |     7 |    16 ||    24
       Distracted        |       |       |     1 |     1 ||     2
  Eat: Chunk             |     1 |    11 |    14 |    15 ||    41
       Pizza             |       |       |     1 |     1 ||     2
       Beef jerky        |       |       |     1 |       ||     1
Armor: Robe              |    15 |    28 |    48 |    10 ||   101
       Skin              |     1 |     3 |     3 |     4 ||    11
       Leather armour    |       |       |       |    22 ||    22
Dodge: Dodged            |    66 |   150 |   318 |   420 ||   954
